 Dungeon Sprint DCSS version 0.29.1-12-g30fa7ad0bf (webtiles) character file.

Game seed: 1323551299562221822

1997 boopmooplesden the Fencer (level 9, -2/142 HPs)
             Began as a Minotaur Berserker on Dec 13, 2022.
             Was a High Priest of Trog.
             Succumbed to a meliai's poison
             ... in the Dungeon (Sprint IX: "|||||||||||||||||||||||||||||").
             The game lasted 00:01:04 (651 turns).

boopmooplesden the Fencer (Minotaur Berserker)       Turns: 651, Time: 00:01:05

Health: -2/142     AC:  9    Str: 21    XL:     9   Next: 2%
Magic:  8/8        EV: 14    Int:  7    God:    Trog [*****.]
Gold:   0          SH:  0    Dex: 18    Spells: 8/8 levels left

rFire   . . .      SeeInvis .   k - +2 scimitar (drain)
rCold   . . .      Faith    .   (no shield)
rNeg    . . .      Spirit   .   l - +1 scale mail
rPois   .          Reflect  .   (helmet restricted)
rElec   .          Harm     .   (no cloak)
rCorr   .          Rampage  .   (no gloves)
Will    .....      NoTele   +   (no boots)
Stlth   ..........              (no amulet)
HPRegen 0.33/turn               m - +3 ring of intelligence
MPRegen 0.11/turn               n - +3 ring of dexterity

@: berserking (expiring), lethally poisoned (-2 -> -29), very quick
A: horns 2, retaliatory headbutt
a: Renounce Religion, Berserk, Trog's Hand, Brothers in Arms


You were in the Dungeon.
You worshipped Trog.
Trog was extremely pleased with you.
You visited 1 branch

Inventory:

Hand Weapons
 a - a +0 falchion
 k - a +2 scimitar of draining (weapon)
Armour
 b - a +0 animal skin
 l - a +1 scale mail (worn)
Jewellery
 m - a +3 ring of intelligence (left hand)
 n - a +3 ring of dexterity (right hand)
Wands
 j - a wand of light (10)
Scrolls
 h - 2 scrolls of blinking
Potions
 c - 5 potions of curing
 d - 3 potions of heal wounds
 e - a potion of haste
 f - 4 potions of magic
 g - a potion of berserk rage
 i - a potion of invisibility


   Skills:
 + Level 14.0 Fighting
 + Level 15.7 Long Blades
 + Level 9.3 Armour
 + Level 8.0 Dodging
 + Level 1.9 Stealth


You had 8 spell levels left.
You didn't know any spells.
Your spell library was empty.

Dungeon Overview and Level Annotations

Branches:
Dungeon (1/1)

Altars:
Cheibriados
Dithmenos
Elyvilon
Fedhas
Gozag
Hepliaklqana
Kikubaaqudgha
Makhleb
Nemelex Xobeh
Okawaru
Qazlal
Ru
Sif Muna
Trog
Uskayaw
Vehumet
Wu Jian
Xom
Yredelemnul
Zin
The Shining One
Jiyva
Lugonu


Innate Abilities, Weirdness & Mutations

You have a pair of horns on your head.
You reflexively headbutt those who attack you in melee.


Message History

You feel very sick. The meliai hits you with a +0 hand axe!
* * * LOW HITPOINT WARNING * * *
The meliai stings you but does no damage.
You closely miss the meliai.
The meliai is severely wounded.
* * * LOW HITPOINT WARNING * * *
You feel very sick. The meliai hits you with a +0 hand axe.
* * * LOW HITPOINT WARNING * * *
The meliai stings you!
* * * LOW HITPOINT WARNING * * *
You slash the meliai!
You kill the meliai!
Trog accepts your kill. Trog grants you a weapon!
Something appears at your feet!
You see here a +2 great sword of flaming.
* * * LOW HITPOINT WARNING * * *
You feel very sick.
Your Fighting skill increases to level 14!
Your Dodging skill increases to level 8!
You have reached level 9!
Your experience leads to an increase in your attributes!
Your base attributes are Str 21, Int 4, Dex 13.
Increase (S)trength, (I)ntelligence, or (D)exterity?
You feel agile. x2
* * * LOW HITPOINT WARNING * * *
You feel very sick.
The two-headed ogre hits you with a +0 giant club.
* * * LOW HITPOINT WARNING * * *
The two-headed ogre hits you with a +0 giant spiked club!
* * * LOW HITPOINT WARNING * * *
Things that are here:
a +0 hand axe; a +0 robe; a meliai corpse Unknown command.
Unknown command.
You slash the two-headed ogre! Your punch misses the two-headed ogre.
The two-headed ogre is moderately wounded.
You die... ▓▓▓▓▓▓▓▓▓▓▓▓▓▓▓▓▓▓▓▓▓ .[[...)).....'))@O..+ ▓▓▓▓▓▓▓▓▓▓▓▓▓▓▓▓▓▓▓▓▓

You could see a two-headed ogre.

Vanquished Creatures
  A two-headed ogre (D)
  An unseen horror (D)
  A meliai (D)
  A troll (D)
  A yak (D)
  An acid dragon (D)
  An orc warrior (D)
  2 centaurs (D)
  A kobold brigand (D)
  A scorpion (D)
  A wight (D)
  An iguana (D)
  An adder (D)
  A worm (D)
  An orc (D)
  A bat (D)
  An endoplasm (D)
  A quokka (D)
  A goblin (D)
  A kobold (D)
21 creatures vanquished.

Notes
Turn   | Place    | Note
-------+----------+-------------------------------------------
     0 | D        | boopmooplesden the Minotaur Berserker began the quest for
                  | the Orb.
     0 | D        | Reached XP level 1. HP: 19/19 MP: 0/0
     5 | D        | Reached ** piety under Trog
     6 | D        | Reached skill level 4 in Long Blades
   114 | D        | Noticed a scorpion
   114 | D        | Noticed an iguana
   119 | D        | Killed a scorpion
   120 | D        | Reached skill level 7 in Long Blades
   120 | D        | Reached XP level 2. HP: 31/31 MP: 1/1
   120 | D        | Reached XP level 3. HP: 38/38 MP: 2/2
   122 | D        | Reached *** piety under Trog
   123 | D        | Reached XP level 4. HP: 47/47 MP: 3/3
   139 | D        | Reached skill level 8 in Long Blades
   344 | D        | Found a snail-covered altar of Cheibriados.
   344 | D        | Found a shadowy altar of Dithmenos.
   344 | D        | Found a white marble altar of Elyvilon.
   344 | D        | Found a blossoming altar of Fedhas.
   344 | D        | Found an opulent altar of Gozag.
   345 | D        | Found a hazy altar of Hepliaklqana.
   346 | D        | Found a viscous altar of Jiyva.
   347 | D        | Found an ancient bone altar of Kikubaaqudgha.
   348 | D        | Found a corrupted altar of Lugonu.
   349 | D        | Found a burning altar of Makhleb.
   350 | D        | Found a sparkling altar of Nemelex Xobeh.
   351 | D        | Found an iron altar of Okawaru.
   352 | D        | Found a stormy altar of Qazlal.
   353 | D        | Found a sacrificial altar of Ru.
   354 | D        | Found a shimmering blue altar of Sif Muna.
   355 | D        | Found a bloodstained altar of Trog.
   356 | D        | Found a hide-covered altar of Uskayaw.
   357 | D        | Found a radiant altar of Vehumet.
   358 | D        | Found an ornate altar of the Wu Jian Council.
   359 | D        | Found a shimmering altar of Xom.
   360 | D        | Found a basalt altar of Yredelemnul.
   361 | D        | Found a glowing silver altar of Zin.
   362 | D        | Found a glowing golden altar of the Shining One.
   401 | D        | Noticed a centaur
   401 | D        | Noticed an orc warrior
   401 | D        | Noticed a yak
   401 | D        | Noticed a two-headed ogre
   401 | D        | Noticed a kobold brigand
   403 | D        | Killed a centaur
   403 | D        | Reached **** piety under Trog
   404 | D        | Reached skill level 9 in Long Blades
   404 | D        | Reached XP level 5. HP: 56/56 MP: 4/4
   408 | D        | Reached skill level 10 in Long Blades
   408 | D        | Reached skill level 5 in Armour
   410 | D        | Killed an orc warrior
   411 | D        | Reached skill level 10 in Fighting
   411 | D        | Reached skill level 5 in Dodging
   411 | D        | Reached XP level 6. HP: 66/66 MP: 5/5
   413 | D        | Killed a yak
   414 | D        | Reached skill level 11 in Long Blades
   417 | D        | Killed a two-headed ogre
   418 | D        | Reached skill level 13 in Long Blades
   418 | D        | Reached skill level 1 in Stealth
   418 | D        | Reached XP level 7. HP: 78/78 MP: 6/6
   418 | D        | Reached XP level 8. HP: 84/85 MP: 7/7
   420 | D        | Reached ***** piety under Trog
   421 | D        | Reached skill level 14 in Long Blades
   632 | D        | Noticed a troll
   632 | D        | Noticed a meliai
   632 | D        | Noticed a two-headed ogre
   640 | D        | Killed a troll
   641 | D        | Reached skill level 15 in Long Blades
   644 | D        | Killed an unseen horror
   649 | D        | Killed a meliai
   649 | D        | Received a gift from Trog
   650 | D        | Reached XP level 9. HP: 23/95 MP: 8/8
   650 | D        | HP: 1/142 [two-headed ogre/+0 giant club (16)]
   651 | D        | Succumbed to a meliai's poison

Illustrated notes

Levels and vault maps discovered:
D:        linesprint [early_d, line_temple, items_1, d_10, items_2, lair_1,
          lair_end, items_3, orc_1, orc_end, items_4, d_15, swamp_1, shoals_1,
          snake_1, spider_1, d_20, vaults_1, items_5, swamp_end, shoals_end,
          snake_end, spider_end, vaults_end, d_27, items_6, zot_1, zot_end,
          crypt_end, forest_end, elf_end, slime_end, tomb_end, abyss_end,
          pan_hell_end]

Skill      XL: |  1  2  3  4  5  6  7  8 |
---------------+-------------------------+-----
Fighting       | 6 7 8 10 12 14 | 14.0
Long Blades    | 7 9 10 13 15 | 15.7
Armour         | 3 4 5 8 9 |  9.3
Dodging        | 3 4 5 7 8 |  8.0
Stealth        | 1 |  1.9

Action                   |  1- 3 |  4- 6 |  7- 9 || total
-------------------------+-------+-------+-------++-------
Melee: Falchion          |    11 |    15 |       ||    26
       Headbutt          |     3 |     2 |     2 ||     7
       Scimitar          |       |    14 |    17 ||    31
       Punch             |       |     1 |       ||     1
Invok: Berserk           |     1 |     1 |     1 ||     3
Armor: Animal skin       |       |     3 |       ||     3
       Scale mail        |       |     1 |     6 ||     7
Dodge: Dodged            |     7 |    14 |    10 ||    31
